 Dungeon Crawl Stone Soup version 0.15-a0-1569-gdbe329f (webtiles) character file.

381 AvylaarBelgium the Magician (level 6, -8/32 HPs)
             Began as a Deep Elf Ice Elementalist on June 18, 2014.
             Was an Initiate of Vehumet.
             Engulfed by their own freezing vapour (14 damage)
             ... on Level 3 of the Dungeon.
             The game lasted 00:15:40 (3739 turns).

AvylaarBelgium the Magician (DEIE)                  Turns: 3739, Time: 00:15:40

HP  -8/32        AC  2     Str  5      XL: 6   Next: 46%
MP  13/21        EV 19     Int 22      God: Vehumet [......]
Gold 144         SH  0     Dex 20      Spells:  5 memorised,  2 levels left

rFire  . . .     SeeInvis .     q - +0 sling
rCold  . . .     Clarity  .     a - +0 robe
rNeg   . . .     rCorr    .     (no shield)
rPois  .         rRot     .     (no helmet)
rElec  .         Spirit   .     (no cloak)
SustAb .         Warding  .     (no gloves)
rMut   +         Stasis   .     (no boots)
Gourm  .                        x - amulet of resist mutation
MR     .....                    (no ring)
                                p - ring of teleport control

@: agile, very slightly contaminated, not resistant to hostile enchantments,
fairly stealthy
A: no striking features
a: Renounce Religion, Evoke Teleport Control


You were on level 3 of the Dungeon.
You worshipped Vehumet.
Vehumet was noncommittal.
You were near starving.

You visited 2 branches of the dungeon, and saw 5 of its levels.

You collected 144 gold pieces.

Inventory:

Hand weapons
 e - a +0 dagger
 q - a +0 sling (weapon)
 w - a +0 antimagic trident
 G - a cursed -1 falchion
Missiles
 r - 10 sling bullets
 y - 17 stones (quivered)
Armour
 a - a +0 robe (worn)
 A - a +0 leather armour
Comestibles
 c - 2 bread rations
 o - 2 royal jellies
 F - 3 fruits
Scrolls
 d - 2 scrolls of identify {unknown}
 f - a scroll of fear {unknown}
 g - 2 scrolls of teleportation
 h - a scroll of recharging {unknown}
 i - 2 scrolls of fog {unknown}
 k - 2 scrolls of remove curse
 n - 2 scrolls of blinking {unknown}
 B - a scroll of magic mapping {unknown}
 D - a scroll of enchant weapon {unknown}
 E - a scroll of amnesia {unknown}
Jewellery
 p - a ring of teleport control (left hand)
 v - an uncursed amulet of warding
 x - an amulet of resist mutation (around neck)
 z - an uncursed ring of regeneration
Potions
 j - a potion of experience {unknown}
 l - a potion of might {unknown}
 m - a potion of curing {unknown}
 s - a potion of magic {unknown}
 t - a potion of agility
 u - a potion of heal wounds {unknown}
 C - a potion of invisibility {unknown}
Books
 b - a book of Frost

   Spells                             Type                      Level
   *Freeze                            Ice                          1
   *Throw Frost                       Conjuration/Ice              2
   *Ozocubu's Armour                  Charms/Ice                   3
   *Throw Icicle                      Conjuration/Ice              4
   *Summon Ice Beast                  Ice/Summoning                4
   Condensation Shield                Ice                          4


   Skills:
 - Level 2.7 Dodging
 - Level 2.6 Stealth
 + Level 5.8 Spellcasting
 + Level 3.8 Conjurations
 + Level 5.4 Ice Magic


You had 2 spell levels left.
You knew the following spells:

 Your Spells              Type           Power        Failure   Level  Hunger
a - Freeze                Ice            ####         1%          1    None
b - Throw Frost           Conj/Ice       ####..       1%          2    None
c - Ozocubu's Armour      Chrm/Ice       ###.......   12%         3    ##.....
d - Throw Icicle          Conj/Ice       ####....     14%         4    ####...
e - Summon Ice Beast      Ice/Summ       ###.....     34%         4    ####...


Dungeon Overview and Level Annotations

Branches:
Dungeon (4/15)             Temple (1/1) D:4

Altars:
Ashenzari
Cheibriados
Elyvilon
Fedhas
Kikubaaqudgha
Makhleb
Nemelex Xobeh
Okawaru
Qazlal
Sif Muna
Trog
Vehumet
Xom
Yredelemnul
Zin
The Shining One


Message History

You start memorising the spell.
You continue memorising.
You continue memorising. x3
You finish memorising.
You start resting.
Casting: Throw Icicle
Confirm with . or Enter, or press ? or * to list all spells.
You miscast Summon Ice Beast.
You are very lightly contaminated with residual magic.
Nothing appears to happen.
Casting: Summon Ice Beast
Confirm with . or Enter, or press ? or * to list all spells.
You miscast Summon Ice Beast.
Freezing gasses pour from your hands!
You are near starving!
You are engulfed in freezing vapours.
Ouch! That really hurt!
* * * LOW HITPOINT WARNING * * *
Drink which item? (? for menu, Esc to quit)
You feel agile all of a sudden.
It was a potion of agility.
You are engulfed in freezing vapours.
You die...

#.)###..###.####.####.#
#.............##.#....#
#.#####.<.....).......##
#.# #..%.....%.......#
#.# #..####..........#
#.# #..#######.......#
######.#
#..##§§....#...###
%......#
#..##§####.#...#
#####.### #..##@#
#.##.## #...#
#..##§####.##.# #.#.#
#%..§§§.......#
#.#.####...§§.....####
#........###.######
#.#..........#
#####.############
....%.# #.#####


There were no monsters in sight!

Vanquished Creatures
  A hound (D:4)
  An iguana (D:4)
  2 orc priests (D:4)
  A worker ant (D:3)
  2 orc wizards (D:4)
  5 adders
  An orc skeleton (D:3)
  5 worms
  3 giant geckos
  4 oozes
  7 orcs (D:4)
  2 ball pythons
  7 bats
  6 giant cockroaches
  12 goblins
  7 hobgoblins
  6 jackals
  2 giant newts
  7 kobolds
  15 rats
96 creatures vanquished.

Notes
Turn   | Place    | Note
--------------------------------------------------------------
     0 | D:1      | AvylaarBelgium, the Deep Elf Ice Elementalist, began the quest for the Orb.
     0 | D:1      | Reached XP level 1. HP: 10/10 MP: 5/5
   241 | D:1      | Reached XP level 2. HP: 13/15 MP: 6/8
   247 | D:1      | Learned a level 2 spell: Throw Frost
   984 | D:2      | Reached XP level 3. HP: 13/19 MP: 5/11
   989 | D:2      | Learned a level 3 spell: Ozocubu's Armour
  1116 | D:2      | Reached skill level 4 in Ice Magic
  1357 | D:2      | Reached XP level 4. HP: 20/24 MP: 13/15
  1877 | D:3      | Learned a level 4 spell: Throw Icicle
  2521 | D:3      | Reached XP level 5. HP: 28/28 MP: 16/18
  2834 | D:4      | Reached skill level 5 in Spellcasting
  2834 | D:4      | Reached skill level 5 in Ice Magic
  2963 | D:4      | Reached XP level 6. HP: 17/32 MP: 0/21
  3445 | D:4      | Found a staircase to the Ecumenical Temple.
  3457 | Temple   | Entered the Ecumenical Temple
  3468 | Temple   | Became a worshipper of Vehumet
  3637 | D:3      | Learned a level 4 spell: Summon Ice Beast
  3739 | D:3      | Engulfed by their own freezing vapour

Action                   |  1- 3 |  4- 6 || total
-------------------------+-------+-------++-------
Melee: Unarmed           |     4 |       ||     4
       Trident           |       |     9 ||     9
 Fire: Sling             |    17 |   160 ||   177
 Cast: Freeze            |    40 |    75 ||   115
       Throw Frost       |    11 |    42 ||    53
       Ozocubu's Armour  |     2 |     2 ||     4
       Throw Icicle      |       |     8 ||     8
  Use: Scroll            |       |     2 ||     2
       Potion            |       |     1 ||     1
 Stab: Sleeping          |       |     2 ||     2
